 Dungeon Crawl Stone Soup version 0.18-a0-1805-g8ab820f (webtiles) character file.

30 warlockg3 the Ruffian (level 3, 0/28 HPs)
             Began as a Draconian Transmuter on Apr 26, 2016.
             Slain by Crazy Yiuf
             ... wielding a +3 quarterstaff of chaos
              (11 damage)
             ... on level 2 of the Dungeon.
             The game lasted 00:08:27 (1839 turns).

warlockg3 the Ruffian (Draconian Transmuter)        Turns: 1839, Time: 00:08:27

Health: 0/28       AC:  5    Str: 12    XL:     3   Next: 5%
Magic:  5/6        EV: 12    Int: 14    God:
Gold:   48         SH:  0    Dex: 11    Spells: 1 memorised, 5 levels left

rFire  . . .     SeeInvis .       - Unarmed
rCold  . . .     Gourm    .     (armour unavailable)
rNeg   . . .     Faith    .     (no shield)
rPois  .         Spirit   .     (helmet restricted)
rElec  .         Dismiss  .     (no cloak)
rCorr  .         Reflect  .     (no gloves)
SustAt .         Harm     .     (no boots)
MR     .....                    (no amulet)
Stlth  +.........               (no ring)
                                (no ring)

@: appendage, not resistant to hostile enchantments, very unstealthy
A: unfitting armour, horns 2, cold-blooded, AC +5
a: End Transformation


You were on level 2 of the Dungeon.
You were not hungry.
You had grown temporary horns.
You visited 1 branch of the dungeon, and saw 2 of its levels.

You collected 48 gold pieces.

Inventory:

Missiles
 a - 23 arrows
Armour
 g - a +0 robe
 m - a +0 leather armour
Scrolls
 f - a scroll of immolation {unknown}
 h - 3 scrolls of identify {unknown}
 k - a scroll of noise {unknown}
 l - a scroll of teleportation {unknown}
 o - a scroll of magic mapping {unknown}
Potions
 d - a potion of brilliance {unknown}
 e - a potion of lignification {unknown}
 i - a potion of curing {unknown}
 p - a potion of invisibility {unknown}
 q - a potion of berserk rage {unknown}
Books
 b - a book of Changes

   Spells                             Type                      Level
   a - Beastly Appendage              Transmutation                1
   b - Sticks to Snakes               Transmutation                2
   c - Spider Form                    Transmutation/Poison         3
   d - Ice Form                       Ice/Transmutation            4
   e - Blade Hands                    Transmutation                5
Comestibles
 c - 2 bread rations
 j - a meat ration
 n - a beef jerky


   Skills:
 + Level 1.2 Fighting
 + Level 2.1 Dodging
 + Level 0.2 Stealth
 + Level 3.5 Unarmed Combat
 + Level 2.1 Spellcasting
 + Level 2.2 Transmutations


You had 5 spell levels left.
You knew the following spells:

 Your Spells              Type           Power        Failure   Level  Hunger
a - Beastly Appendage     Trmt           #.....       12%         1    #......


Dungeon Overview and Level Annotations

Branches:
Dungeon (2/15)

Altars:
Trog
The Shining One

Annotations:
D:2 Crazy Yiuf


Innate Abilities, Weirdness & Mutations

Your plain brown scales are hard (AC +5).
Your body does not fit into most forms of armour.
You are cold-blooded and may be slowed by cold attacks.
You have a pair of horns on your head.


Message History

Found a mace.
Crazy Yiuf the Enlightened comes into view.
He is wielding a quarterstaff of chaos.
Crazy Yiuf shouts!
Crazy Yiuf is nearby!
Casting: Beastly Appendage
Confirm with . or Enter, or press ? or * to list all spells.
You grow a pair of large bovine horns.
Crazy Yiuf says, "Ice!
Cards down sing-song."
Crazy Yiuf hits you with a quarterstaff of chaos.
You feel yourself slow down. Crazy Yiuf freezes you.
You closely miss Crazy Yiuf. You headbutt Crazy Yiuf.
Your tail-slap misses Crazy Yiuf.
Crazy Yiuf is lightly wounded.
Crazy Yiuf misses you.
You barely miss Crazy Yiuf.
You tail-slap Crazy Yiuf, but do no damage.
Crazy Yiuf is lightly wounded.
You feel yourself speed up.
Crazy Yiuf hits you with a quarterstaff of chaos! x2
You die...

##..##
#....#
♣....♣
♣♣...♣
♣♣.♣♣
♣♣.♣
♣.♣♣
♣♣.♣
♣@♣♣
#g#
...
#...#
#)..#
#####


You could see Crazy Yiuf.

Vanquished Creatures
  A dart slug (D:1)
  A giant gecko (D:1)
  2 giant cockroaches
  2 goblins
  2 hobgoblins (D:1)
  A ball python (D:1)
  5 bats (D:1)
  2 giant newts
  8 kobolds
  4 rats
28 creatures vanquished.

Notes
Turn   | Place    | Note
--------------------------------------------------------------
     0 | D:1      | warlockg3 the Draconian Transmuter began the quest for the Orb.
     0 | D:1      | Reached XP level 1. HP: 16/16 MP: 3/3
   374 | D:1      | Reached XP level 2. HP: 14/23 MP: 3/5
  1234 | D:2      | Found a bloodstained altar of Trog.
  1650 | D:2      | Found a glowing golden altar of the Shining One.
  1696 | D:2      | Reached XP level 3. HP: 27/28 MP: 6/6
  1834 | D:2      | Noticed Crazy Yiuf
  1839 | D:2      | Slain by Crazy Yiuf

Vault maps used:
D:1:      lightli_arrival_windingriver
D:2:      okawaru_ov_weapons_minmay, lemuel_round_altar,
          nicolae_tso_carved_into_rock, kennysheep_generic_room_15,
          uniq_crazy_yiuf_cottage

Skill      XL: |  1  2 |
---------------+-------+-----
Dodging        | 2 |  2.1
Fighting       | |  1.2
Stealth        | |  0.2
Unarmed Combat | |  3.5
Spellcasting   | |  2.1
Transmutations | |  2.2

Action                   || total
-------------------------++-------
Melee: Unarmed           ||    91
       Headbutt          ||     4
       Tailslap          ||     4
       Kick              ||     1
       Punch             ||     1
 Cast: Beastly Appendage ||     5
  Eat: Meat ration       ||     1
Armor: Skin              ||    34
Dodge: Dodged            ||    59
